 Dungeon Crawl Stone Soup version 0.28.0-43-g3370ac3207 (webtiles) character file.

Game seed: 481510236874167369

19549 safid the Severer (level 12, -3/112 HPs)
             Began as a Hill Orc Fighter on Mar 15, 2022.
             Was a Priest of Beogh.
             Slain by Snorg (8 damage)
             ... on level 10 of the Dungeon.
             The game lasted 00:30:00 (14334 turns).

safid the Severer (Hill Orc Fighter)               Turns: 14334, Time: 00:30:01

Health: -3/112     AC: 21    Str: 24    XL:     12   Next: 70%
Magic:  18/18      EV:  7    Int:  8    God:    Beogh [***...]
Gold:   812        SH:  5    Dex: 10    Spells: 11/11 levels left

rFire   . . .      SeeInvis .   t - +3 broad axe
rCold   + . .      Faith    .   c - +1 buckler
rNeg    . . .      Spirit   .   O - +0 plate armour
rPois   .          Reflect  .   i - +2 helmet
rElec   .          Harm     .   j - scarf {+Inv}
rCorr   .          Rampage  .   (no gloves)
Will    .....                   f - +2 pair of boots
Stlth   ..........              P - amulet of the acrobat
HPRegen 0.28/turn               p - +4 ring of slaying
MPRegen 0.16/turn               y - ring of protection from cold

@: studying Ice Magic
A: no striking features
a: Renounce Religion, Evoke Invisibility, Smiting


You were on level 10 of the Dungeon.
You worshipped Beogh.
Beogh was most pleased with you.
You visited 2 branches of the dungeon, and saw 13 of its levels.
You also visited: Ossuary and Ice Cave.

You collected 812 gold pieces.

Inventory:

Hand Weapons
 t - a +3 broad axe (weapon)
Missiles
 m - 26 poisoned darts (quivered)
 r - 4 throwing nets
Armour
 c - a +1 buckler (worn)
 f - a +2 pair of boots (worn)
 i - a +2 helmet (worn)
 j - a scarf of invisibility (worn)
 O - a +0 plate armour (worn)
 U - a +1 tower shield of cold resistance
Jewellery
 a - a ring of resist corrosion
 p - a +4 ring of slaying (left hand)
 y - a ring of protection from cold (right hand)
 P - an amulet of the acrobat (around neck)
Wands
 u - a wand of charming (1)
 A - a wand of polymorph (6)
 G - a wand of acid (15)
 M - a wand of paralysis (9)
 N - a wand of mindburst (2)
 T - a wand of flame (16)
Scrolls
 e - 3 scrolls of teleportation
 g - a scroll of magic mapping {unknown}
 h - 2 scrolls of amnesia {unknown}
 k - a scroll of brand weapon {unknown}
 w - a scroll of silence {unknown}
 x - a scroll of summoning {unknown}
 C - 2 scrolls of enchant armour
 F - 2 scrolls of blinking {unknown}
 H - a scroll of fog {unknown}
 J - a scroll of fear {unknown}
 L - a scroll of torment {unknown}
 S - a scroll of holy word {unknown}
Potions
 b - 3 potions of brilliance {unknown}
 d - a potion of might
 n - a potion of heal wounds
 o - 3 potions of haste {unknown}
 q - 5 potions of curing
 s - a potion of magic {unknown}
 v - 2 potions of mutation {unknown}
 z - 2 potions of ambrosia {unknown}
 D - a potion of degeneration {unknown}
 E - 3 potions of cancellation {unknown}
 I - 4 potions of flight
 K - 2 potions of invisibility {unknown}
 Q - a potion of lignification {unknown}
Miscellaneous
 R - a lightning rod (4/4)
 V - a box of beasts
 W - a phial of floods


   Skills:
 - Level 12.0 Fighting
 - Level 18.0 Axes
 + Level 10.2 Armour
 - Level 4.0 Shields
 + Level 8.6 Invocations
 - Level 4.0 Evocations


You had 11 spell levels left.
You didn't know any spells.
Your spell library contained the following spells:

 Spells                   Type           Power      Damage    Failure   Level
 Magic Dart               Conj           0%         1d3       99%         1
 Summon Small Mammal      Summ           0%         N/A       99%         1
 Blink                    Tloc           0%         N/A       100%        2
 Call Imp                 Summ           0%         N/A       100%        2
 Searing Ray              Conj           0%         2d4       100%        2
 Static Discharge         Conj/Air       0%         N/A       100%        2
 Call Canine Familiar     Summ           0%         N/A       100%        3
 Gell's Gravitas          Tloc           0%         N/A       100%        3
 Lesser Beckoning         Tloc           0%         N/A       100%        3
 Mephitic Cloud           Conj/Pois/Air  0%         N/A       100%        3
 Summon Guardian Golem    Hex/Summ       0%         N/A       100%        3
 Teleport Other           Tloc           0%         N/A       100%        3
 Dispel Undead            Necr           0%         3d6       100%        4
 Fulminant Prism          Conj/Hex       0%         3d6       100%        4
 Iskenderun's Mystic Bla  Conj/Tloc      0%         2d3       100%        4
 Sticky Flame             Conj/Fire      0%         2d3       100%        4
 Lee's Rapid Deconstruct  Erth           0%         3d5*      100%        5
 Manifold Assault         Tloc           0%         N/A       100%        5
 Summon Forest            Summ/Tloc      0%         N/A       100%        5
 Eringya's Noxious Bog    Tmut/Pois      0%         N/A       100%        6
 Summon Hydra             Summ           0%         N/A       100%        7


Dungeon Overview and Level Annotations

Branches:
Dungeon (10/15)            Temple (0/1) D:5            Lair (3/6) D:8
  Snake (0/4) Lair:2          Orc (0/2) D:10        Ossuary (visited)
  IceCv (visited)
  Swamp: Lair:2-4    Shoals: Lair:2-4

Altars:
Makhleb
Beogh

Shops:
D:1 (   D:3 *   D:4 (

Annotations:
D:8 2 runed translucent doors, Bricks's ghost, novice GnFi
D:10 Snorg
Lair:2 1 runed translucent door, Joatin's ghost, journeyman GnFi


Message History

You slash Snorg! Snorg bites you. Snorg claws you but does no damage. x2
The wraith hits you but does no damage.
Unknown command.
You slice the wraith!!
You destroy the wraith!
Beogh accepts your kill.
You hit Snorg. Snorg barely misses you. Snorg claws you but does no damage.
Snorg claws you! Snorg bites you but does no damage. You block Snorg's attack.
Snorg barely misses you.
Unknown command.
You slash Snorg!
Snorg is heavily wounded.
Snorg bites you but does no damage. Snorg claws you! Snorg claws you.
* * * LOW HITPOINT WARNING * * *
Snorg bites you.
* * * LOW HITPOINT WARNING * * *
Snorg claws you but does no damage. Snorg barely misses you.
You slice Snorg!!
Snorg is severely wounded.
Snorg bites you.
* * * LOW HITPOINT WARNING * * *
Snorg claws you!
* * * LOW HITPOINT WARNING * * *
Snorg claws you!
* * * LOW HITPOINT WARNING * * *
You feel yourself speed up. Snorg completely misses you. Snorg claws you.
* * * LOW HITPOINT WARNING * * *
Snorg completely misses you. Snorg closely misses you. x3
You feel much better. Snorg bites you but does no damage. Snorg claws you!
* * * LOW HITPOINT WARNING * * *
Snorg claws you!
* * * LOW HITPOINT WARNING * * *
Okay, then.
You feel much better. Snorg bites you!
* * * LOW HITPOINT WARNING * * *
Snorg claws you but does no damage. Snorg claws you.
* * * LOW HITPOINT WARNING * * *
You block Snorg's attack. Snorg claws you!
You die...

####† #.#. .. # #.
##.#.###.# .# #.
.........##: .# ##
../.$...... .# #
......#...# .###
........#.###...##.
..................#
.......T@......#
......###......###.#
.>... ##..<.......
.... #.......... ...
#.....##.## ..
#.....# . . ......#
##....... #.....##


You could see Snorg (berserk).

Vanquished Creatures
  A reaper (IceCv)
  Harold (D:7)
  A boulder beetle (D:9)
  A two-headed ogre (D:8)
  Nergalle (Lair:1)
  Pikel (D:4)
  A torpor snail (Lair:3)
  An ice statue (IceCv)
  6 cane toads
  4 komodo dragons
  A kobold demonologist (D:9)
  A rime drake (Lair:2)
  An anaconda simulacrum (IceCv)
  2 ice devils (Lair:3)
  A troll (D:10)
  4 blink frogs (Lair:1)
  A shadow (D:9)
  14 yaks
  Sigmund (D:3)
  3 wyverns
  2 wraiths
  4 harpy simulacra (IceCv)
  3 nagas (Lair:2)
  6 water moccasins
  2 acid dragons (D:9)
  4 orc warriors
  A hornet zombie (D:8)
  2 black bears
  An ice beast (D:8)
  An ogre (D:6)
  2 centaurs
  A necrophage (D:4)
  9 wolves (Lair:2)
  3 kobold brigands
  13 bullfrogs
  A gnoll sergeant (D:8)
  6 two-headed ogre simulacra (IceCv)
  A wyvern zombie (D:7)
  A scorpion (D:5)
  7 cane toad simulacra (IceCv)
  4 killer bees (D:10)
  A water moccasin skeleton (D:5)
  2 elephant simulacra (IceCv)
  3 wights (D:9)
  An electric eel (Lair:3)
  8 howler monkeys
  A bullfrog zombie (D:7)
  5 centaur zombies
  2 jellies
  2 orc priests (D:9)
  A centaur skeleton (D:5)
  Jessica (D:3)
  3 orc wizards
  Terence (D:2)
  4 polar bear simulacra (IceCv)
  4 troll simulacra (IceCv)
  6 spriggan simulacra (IceCv)
  A killer bee zombie (D:6)
  A centaur simulacrum (D:9)
  A hound skeleton (D:5)
  A mummy (Ossuary)
  A howler monkey zombie (D:7)
  Robin (D:4)
  17 gnolls
  A howler monkey skeleton (D:7)
  6 adders
  5 naga simulacra (IceCv)
  8 white imps
  4 ufetubi (IceCv)
  An adder skeleton (D:4)
  2 dart slugs
  21 orcs
  4 endoplasms
  2 giant cockroaches (D:2)
  21 goblins
  8 hobgoblins
  4 jackals (D:5)
  2 quokkas (D:4)
  8 ball pythons
  5 bats
  4 frilled lizards
  2 gnoll skeletons (Ossuary)
  12 kobolds
  8 kobold skeletons (Ossuary)
  15 orc skeletons (Ossuary)
  3 rats
335 creatures vanquished.

Vanquished Creatures (others)
  19 fungi
  25 plants
44 creatures vanquished.

Grand Total: 379 creatures vanquished

Notes
Turn   | Place    | Note
-------+----------+-------------------------------------------
     0 | D:1      | safid the Hill Orc Fighter began the quest for the Orb.
     0 | D:1      | Reached XP level 1. HP: 19/19 MP: 1/1
    72 | D:1      | Found Laur's Weapon Emporium.
   197 | D:1      | Reached XP level 2. HP: 27/27 MP: 2/2
   202 | D:1      | Reached skill level 3 in Axes
   402 | D:2      | Found a faded altar of an unknown god.
   579 | D:2      | Noticed Terence
   589 | D:2      | Killed Terence
   590 | D:2      | Reached XP level 3. HP: 14/33 MP: 3/3
   954 | D:2      | Reached XP level 4. HP: 31/40 MP: 4/4
   958 | D:2      | Reached skill level 4 in Axes
  1333 | D:3      | Noticed Jessica
  1347 | D:3      | Killed Jessica
  1487 | D:3      | Reached skill level 5 in Axes
  1487 | D:3      | Reached XP level 5. HP: 46/46 MP: 5/5
  1543 | D:3      | Noticed Sigmund
  1560 | D:3      | Killed Sigmund
  1561 | D:3      | Reached skill level 7 in Axes
  1561 | D:3      | Reached XP level 6. HP: 40/52 MP: 6/6
  1665 | D:3      | Found Geming's Assorted Antiques.
  2210 | D:4      | Noticed Robin
  2221 | D:3      | Reached skill level 8 in Axes
  2261 | D:4      | Killed Robin
  2314 | D:4      | Noticed a necrophage
  2321 | D:4      | Killed a necrophage
  2322 | D:4      | Reached XP level 7. HP: 55/59 MP: 7/7
  2345 | D:4      | Found Jirgh's Antique Weapon Boutique.
  2546 | D:4      | Noticed Pikel
  2554 | D:4      | Killed Pikel
  2555 | D:4      | Reached skill level 11 in Axes
  2555 | D:4      | Reached XP level 8. HP: 58/66 MP: 8/8
  3294 | D:5      | Entered Level 5 of the Dungeon
  3335 | D:5      | Reached skill level 12 in Axes
  3343 | D:5      | Found a burning altar of Makhleb.
  3443 | D:5      | Found a sand-covered staircase.
  3568 | Ossuary  | Entered an ossuary
  3568 | Ossuary  | Noticed a wraith
  3568 | Ossuary  | Noticed a wraith
  3568 | Ossuary  | Noticed a wraith
  3611 | Ossuary  | Noticed a wraith
  3623 | Ossuary  | Killed a wraith
  3624 | Ossuary  | Reached skill level 13 in Axes
  4001 | D:5      | Found a staircase to the Ecumenical Temple.
  4658 | D:6      | Reached skill level 14 in Axes
  4658 | D:6      | Reached XP level 9. HP: 71/71 MP: 9/9
  5118 | D:7      | Noticed Harold
  5136 | D:7      | Killed Harold
  5137 | D:7      | Reached skill level 16 in Axes
  5223 | D:7      | Reached skill level 1 in Invocations
  5781 | D:8      | Noticed a two-headed ogre
  5792 | D:8      | Killed a two-headed ogre
  5793 | D:8      | Reached skill level 5 in Fighting
  5793 | D:8      | Reached XP level 10. HP: 81/81 MP: 10/12
  6079 | D:8      | Reached skill level 5 in Armour
  6155 | D:8      | Found a large runed translucent door.
  6155 | D:8      | Found a large runed translucent door.
  6164 | D:8      | Noticed Bricks's ghost (novice GnFi)
  6166 | D:8      | Became a worshipper of Beogh the Brigand
  6496 | D:8      | Found a staircase to the Lair.
  6707 | D:8      | Reached skill level 17 in Axes
  6805 | D:9      | Noticed a kobold demonologist
  6825 | D:9      | Noticed a boulder beetle
  6874 | D:9      | Killed a kobold demonologist
  6931 | D:9      | Killed a boulder beetle
  7191 | D:9      | Reached XP level 11. HP: 81/91 MP: 14/14
  7315 | D:9      | Reached * piety under Beogh
  8000 | D:10     | Entered Level 10 of the Dungeon
  8064 | D:10     | Found a roughly hewn altar of Beogh.
  8064 | D:10     | Found a staircase to the Orcish Mines.
  8064 | D:10     | Noticed an orc knight
  8083 | D:10     | Reached skill level 18 in Axes
  8085 | D:10     | Noticed an orc knight
  8343 | Lair:1   | Entered Level 1 of the Lair of Beasts
  8403 | Lair:1   | Noticed Nergalle
  8420 | Lair:1   | Killed Nergalle
  9761 | Lair:1   | Reached skill level 10 in Fighting
 10109 | Lair:2   | Found a staircase to the Snake Pit.
 10453 | Lair:2   | Reached XP level 12. HP: 97/110 MP: 15/15
 10461 | Lair:2   | Reached ** piety under Beogh
 10637 | Lair:2   | Noticed Joatin's ghost (journeyman GnFi)
 10638 | Lair:2   | Found a runed translucent door.
 11039 | Lair:2   | You fall into a shaft and drop 1 floor!
 11109 | Lair:3   | Reached skill level 5 in Invocations
 11112 | Lair:3   | Found a frozen archway.
 11335 | IceCv    | Entered an ice cave
 12252 | IceCv    | Reached *** piety under Beogh
 12609 | IceCv    | Noticed a reaper
 12627 | IceCv    | Killed a reaper
 13231 | Lair:3   | Noticed a five-headed hydra
 13589 | Lair:3   | Reached skill level 10 in Armour
 14323 | D:10     | Noticed Snorg
 14331 | D:10     | HP: 2/112 [Snorg (11)]
 14334 | D:10     | Slain by Snorg

Illustrated notes

Levels and vault maps discovered:
D:1:      minmay_arrival_loop, layout_rooms, serial_shops,
          nicolae_shop_bloodbath_and_beyond
D:2:      layout_rooms, hellmonk_ecumenical_altar_lost_god,
          minmay_misc_feat_room, nicolae_figureground_pulse, uniq_terence
D:3:      layout_basic, serial_shops, shop, uniq_sigmund, uniq_jessica
D:4:      layout_basic, serial_shops, nicolae_inconvenience_store,
          nicolae_concentric_dashed_squares_mild, minmay_misc_feat_doors,
          chequers_serial_rivers_micro_b, serial_bayou_pond_b, minivault_11,
          uniq_pikel, uniq_robin
D:5:      layout_gridville, mainiacjoe_overflow_six_doors_small,
          minmay_temple_entry_statues, enter_ossuary_2,
          chequers_serial_rivers_small_b
D:6:      layout_basic
D:7:      layout_basic, uniq_joseph, uniq_harold
D:8:      layout_basic, grunt_lair_entry_orc_guard_hut,
          ebering_ghost_disaster_area
D:9:      layout_grid_maze, hangedman_decor_clover_reticule,
          minmay_mirror_moons_of_madness
D:10:     layout_rooms, david_orc_5, lemuel_another_geyser, uniq_grum,
          uniq_snorg
Lair:1:   layout_cave_pods, uniq_nergalle
Lair:2:   layout_layer_cave, minmay_snake_entry_guardpost_small,
          hellmonk_ghost_happy_afterlife
Lair:3:   layout_regular_city, portal_ice_cave_demonic_guard,
          grunt_megastairs_1, serial_bayou_shore_a

Skill      XL: |  1  2  3  4  5  6  7  8  9 10 11 12 |
---------------+-------------------------------------+-----
Axes           | 3 5 7 8 11 14 16 17 18 | 18.0
Fighting       | 4 5 6 11 12 | 12.0
Armour         | 4 6 8 10 | 10.2
Shields        | 4 |  4.0
Invocations    | 2 4 8 |  8.6
Evocations     | 2 4 |  4.0

Action                   |  1- 3 |  4- 6 |  7- 9 | 10-12 || total
-------------------------+-------+-------+-------+-------++-------
Melee: War axe           |    60 |   132 |   102 |       ||   294
       Broad axe         |       |       |    92 |   588 ||   680
Throw: Dart              |       |       |     5 |     6 ||    11
Invok: Convert to Beogh  |       |       |       |     1 ||     1
 Abil: Evoke Invisibilit |       |       |       |     1 ||     1
Evoke: Lightning rod     |       |       |       |     1 ||     1
  Use: Potion            |       |     1 |     1 |     4 ||     6
       Scroll            |       |       |     7 |     7 ||    14
 Stab: Invisible         |       |       |       |     2 ||     2
Armor: Scale mail        |     2 |       |       |       ||     2
       Chain mail        |    33 |    97 |   100 |    35 ||   265
       Plate armour      |       |       |       |   252 ||   252
Dodge: Dodged            |    20 |    61 |    61 |   179 ||   321
Block: Buckler           |    24 |    36 |    37 |   107 ||   204
